[Event "Charlotte Summer IM B 2022"]
[Site "Charlotte"]
[Date "2022.07.26"]
[Round "3.2"]
[White "Kolay, Alex"]
[Black "Homa, Seth"]
[Result "1-0"]
[ECO "D31"]
[WhiteElo "2188"]
[BlackElo "2237"]
[Annotator "TA"]
[PlyCount "179"]
[EventDate "2022.07.24"]
[EventType "tourn"]
[EventCountry "USA"]
[SourceTitle "playchess.com"]
[Source "ChessBase"]
[SourceQuality "1"]
[TimeControl "5400+30"]

1. d4 d5 2. c4 e6 3. Nc3 a6 4. cxd5 exd5 5. Nf3 c6 6. Bg5 {[%emt 0:12:34] D31: Queen's Gambit Declined: Semi-Slav without ...Nf6 (+ Marshall Gambit and Noteboom) and Exchange Variation lines without ...Nf6.} Be7 7. Bxe7 Nxe7 8. e3 {[%emt 0:00:42] The position is equal.} O-O 9. Bd3 Bf5 10. O-O Nd7 11. Rc1 {[%emt 0:06:25] [#]} Nf6 $146 ({Predecessor:} 11... Re8 12. h3 Bxd3 13. Qxd3 Nf6 14. Nd2 Nc8 15. Na4 Nd6 16. Nc5 a5 17. a4 Qb6 {0-1 (48) Omelja,A (2515)-Lenderman,A (2600) Chess.com INT 2022}) 12. Ne5 g6 13. Qb3 Bxd3 14. Nxd3 Rb8 15. Na4 Nf5 16. Qb6 Qe7 17. Qb4 Nd6 18. Rfe1 Rfe8 19. b3 h5 20. Ne5 Kg7 21. Nc5 Rbc8 22. h3 Ng8 23. Qd2 f6 ({Black should try} 23... Ne4 $11 24. Nxe4 dxe4) 24. Ned3 $1 $14 Nh6 25. Qc2 (25. f3 $14) 25... Nhf5 $11 26. Nf4 Qf7 27. g4 (27. Qd1 $11 {keeps the balance.}) 27... hxg4 $17 28. hxg4 Nh4 29. Red1 (29. Qe2 $17) 29... Ne4 $19 30. Kf1 Ng5 ({Better is} 30... f5 31. Qe2 g5) 31. Ke2 $17 Nhf3 ({Black should play} 31... f5 $1 $17 32. Kd3 fxg4) 32. Qd3 Re7 33. Rh1 Rce8 34. Rcf1 $2 (34. Kd1 $14 {stays ahead.}) 34... b6 $1 $19 35. Nxa6 (35. Na4 $17) 35... Re4 $1 36. Kd1 Qa7 37. Nb4 (37. a4 $142 Nxd4 38. Nxg6 Nxb3 39. Nh4) 37... Nxd4 (37... Qa3 $142 38. Nc2 (38. Qc3 $2 Rxf4 39. Nd3 Rfe4 $19) 38... Qb2) 38. exd4 (38. Nc2 {was worth a try.} Ndf3 39. Kc1 (39. Qc3 $2 c5 $19)) 38... Rxf4 39. Qd2 Ree4 (39... Rxg4 40. f3 Rg3 41. Kc1 $17 (41. Qh2 $2 Rh3 $19)) 40. Nxc6 Qd7 41. f3 Rxf3 (41... Nxf3 $2 42. Qc3 $19 (42. Rxf3 $2 Qxg4 43. Kc1 Qxf3 $19)) 42. Rxf3 (42. Ne5 $142 Rxf1+ 43. Rxf1) 42... Qxg4 {[%emt 0:00:02][%mdl 64] Pin} 43. Qh2 $2 (43. Qf2 Nxf3 44. Kc1) 43... Qxf3+ 44. Kc1 Qc3+ $2 (44... Re2 {( -> ...Qc3+)} 45. Qh8+ Kf7 46. Nd8+ Ke7 47. Qg7+ Kd6 48. Nb7+ Kc6 49. Nd8+ Kd6 50. Qf8+ Kd7 51. Qg7+ Re7) 45. Qc2 Re3 46. Kb1 {[%emt 0:00:32] Inhibits Qa1+.} Ne4 {[%emt 0:00:50] And now ...Qxc2+ would win.} 47. Qxc3 Nxc3+ {[%emt 0:01:16][%mdl 4096] Endgame KRN-KRN} (47... Rxc3 48. Nb4 $17) 48. Kb2 g5 49. Nb4 g4 50. Rc1 Nb5 51. Nxd5 Re2+ 52. Kb1 (52. Rc2 $142 Nxd4 53. Rxe2 Nxe2 54. Ne3) 52... g3 $2 (52... Nxd4 53. Rc4 $17) (52... Rf2 $19 53. Rg1 f5) 53. Nf4 $2 (53. Rg1 $17 {is the only way for White.}) 53... Na3+ $2 (53... Nxd4 54. Rd1 g2 55. Rg1 $11) (53... Re3 $19 {Strongly threatening ...Rf3.} 54. Rg1 Kh6) 54. Ka1 $11 Re3 55. d5 {[%emt 0:00:54] Threatens to win with d6.} (55. Kb2 $5 Nb5 56. a4 Nxd4 57. Rc3 Rxc3 58. Kxc3 $11) 55... Rf3 (55... Nb5 $15 56. a4 Nd4 57. Rc7+ Kf8) 56. Ne6+ Kh6 {[%emt 0:00:40] aiming for ...g2.} 57. d6 {[%emt 0:01:29] Hoping for d7.} g2 (57... Rd3 $2 58. Rh1+ Kg6 59. Nf4+ Kf7 60. Nxd3 $18) 58. d7 Rf1 59. d8=Q {[%emt 0:00:18] White threatens Qd2+ and mate.} Rxc1+ 60. Kb2 g1=Q $2 61. Qxf6+ $18 (61. Kxa3 Qf2 62. Qf8+ (62. Qh8+ Kg6 $11) 62... Kg6 63. Qe8+ Kf5 64. Ng7+ (64. Qd7 Ke5 $19) 64... Kf4 65. Ne6+ Kf3 $11) 61... Qg6 $2 (61... Kh5 $18 62. Qf5+ (62. Kxa3 Qe3 $11) 62... Kh6 63. Qf6+ (63. Kxa3 Qe3 $11) 63... Kh5 64. Qf7+ (64. Kxa3 Qe3 $11) 64... Kh6 65. Qf4+ (65. Kxa3 Rf1 $11) 65... Kg6 66. Qxc1 Qh2+ 67. Kxa3 Qd6+ 68. Ka4 Qd7+ 69. Kb4 Qxe6 70. Qc2+ Kh5) 62. Qh4+ (62. Qf4+ $142 Kh5 63. Qh2+ (63. Qxc1 Qxe6 64. Qd1+ Kh6 $16) (63. Kxa3 Qh6 $11) 63... Kg4 64. Qg2+ Kf5 65. Nd4+ Kf6 66. Qxg6+ Kxg6 67. Kxc1) 62... Qh5 63. Qf6+ (63. Qxh5+ $18 Kxh5 64. Kxc1) 63... Qg6 64. Qh8+ (64. Qf4+ $142 Kh5 65. Qh2+ (65. Qxc1 Qxe6 66. Qd1+ Kh4 $16) (65. Kxa3 Qh6 $11) 65... Kg4 66. Qg2+ Kf5 67. Nd4+ Kf6 68. Qxg6+ Kxg6 69. Kxc1) 64... Qh7 {[%emt 0:00:08] [#]} 65. Qxh7+ $1 Kxh7 66. Kxc1 {[%emt 0:00:05] Nd4 would kill now. KN-KN} Kg6 67. Nc7 b5 68. Kb2 b4 69. Nd5 Kf5 70. Nxb4 Nb5 71. a4 Nc7 72. Kc3 Ke5 73. Kc4 Kd6 74. a5 Ne6 75. Nc2 Kc7 76. Nd4 Ng5 77. b4 Ne4 78. Ne6+ Kb8 79. Kd5 Nc3+ 80. Kc6 Na2 81. b5 Nb4+ 82. Kd6 Ka7 83. Nc5 Kb8 84. b6 Ka8 85. a6 Nxa6 86. Nxa6 Kb7 {[%emt 0:00:07][%csl LRa6,LRb6] [#]} 87. Kc5 $1 {[%emt 0:00:02] White mates.} Ka8 (87... Kc8 88. Kc6) 88. Nb4 Kb7 89. Kb5 Ka8 90. Ka6 {[%emt 0:00:06] What a bad dream for Black.  Weighted Error Value: White=0.48/Black=0.45} (90. Kc6 $142 Kb8 91. b7 Ka7 {[#]} 92. Na6 $1 Kxa6 93. b8=Q Ka5 94. Qb5#) 1-0

[Event "Charlotte Summer IM B 2022"]
[Site "Charlotte"]
[Date "2022.07.26"]
[Round "3.3"]
[White "Atanasov, Anthony"]
[Black "Eckert, Doug"]
[Result "1/2-1/2"]
[ECO "A48"]
[WhiteElo "2172"]
[BlackElo "2177"]
[Annotator "TA"]
[PlyCount "35"]
[EventDate "2022.07.24"]
[EventType "tourn"]
[EventCountry "USA"]
[SourceTitle "playchess.com"]
[Source "ChessBase"]
[SourceQuality "1"]
[TimeControl "5400+30"]

1. d4 Nf6 2. Nf3 g6 3. Bf4 Bg7 4. e3 O-O 5. Be2 d6 6. h3 c5 7. O-O Nc6 8. c3 (8. Nc3 $5 ) 8... Nd5 {[%emt 0:00:00][%cal Bf6d5,Bd5f4,Bf4d3][%mdl 32] A48: 1 d4 Nf6 2 Nf3 g6: Torre, London and Colle Systems.} 9. Bg3 cxd4 10. exd4 e5 11. dxe5 dxe5 12. Nbd2 Nf4 {[%emt 0:05:30] [#]} 13. Nc4 $146 ({Predecessor:} 13. Bc4 Bf5 14. Re1 Qc7 15. Nh4 Be6 16. Bxf4 Bxc4 17. Nxc4 exf4 18. Qb3 Rac8 19. Nf3 {1-0 (89) Chu,W (2422)-Zhang,H (2182) Liaocheng 2021}) 13... Qxd1 14. Bxd1 Nd3 15. Be2 Nf4 16. Bd1 Nd3 17. Be2 (17. Bc2 $5 Bf5 18. Ne3 $14) 17... Nf4 18. Bd1 {[%emt 0:00:00] An interesting draw.  Weighted Error Value: White=0.10 (very precise) /Black=0.05 (flawless)} 1/2-1/2

[Event "Charlotte Summer IM B 2022"]
[Site "Charlotte"]
[Date "2022.07.26"]
[Round "3.4"]
[White "Adu, Oladapo"]
[Black "Wang, Tianqi"]
[Result "0-1"]
[ECO "A11"]
[WhiteElo "2056"]
[BlackElo "2402"]
[Annotator "TA"]
[PlyCount "64"]
[EventDate "2022.07.24"]
[EventType "tourn"]
[EventCountry "USA"]
[SourceTitle "playchess.com"]
[Source "ChessBase"]
[SourceQuality "1"]
[TimeControl "5400+30"]

1. c4 c6 2. Nf3 d5 3. e3 Nf6 4. Nc3 a6 5. b3 Bg4 6. Be2 {[%emt 0:00:36] A11: English Opening: 1...c6.} e6 7. Bb2 Bd6 8. d4 {[%emt 0:00:14] [#] The position is equal.} Qe7 $146 ({Predecessor:} 8... Nbd7 9. Qc2 O-O 10. O-O Qa5 11. Nd2 Bxe2 12. Nxe2 Rad8 13. Ng3 c5 14. cxd5 Bxg3 15. dxe6 Bxh2+ 16. Kxh2 fxe6 {½-½ (28) Michiels,R (2251)-Mullon,J (2344) Belgium 2006}) 9. a3 Nbd7 10. O-O O-O 11. Re1 Rad8 12. Qc2 Bf5 13. Bd3 Bxd3 14. Qxd3 e5 {[%emt 0:00:13][%cal Be6e5,Be5e4][%mdl 32] White must now prevent ...e4.} 15. Qf5 e4 16. Nd2 g6 17. Qh3 Rfe8 18. f3 exf3 19. gxf3 Nh5 20. cxd5 cxd5 21. Kh1 Ndf6 {[%emt 0:00:46][%cal Bd7f6,Bf6h5,Bh5f4,Bf4e2][%mdl 32] Black is more active.} 22. e4 $2 {[%emt 0:05:29] This costs White the game.} (22. b4 $17) 22... Nf4 $19 23. Qf1 {[%emt 0:00:34] [#]} N6h5 $1 {[%emt 0:01:01] Hoping for ...Qh4.} 24. e5 $2 {[%emt 0:02:24] [#]} (24. Re3) 24... Qh4 $1 {[%emt 0:00:41] aiming for ...Ng3+. Black is clearly winning.} 25. Qg1 {[%emt 0:04:10] Inhibits Ng3+.} Nh3 26. Qg2 Nf2+ 27. Kg1 Nd3 28. Reb1 Nhf4 29. Qg3 Qe7 30. Kh1 Bb8 31. Na4 (31. Nf1 $142) 31... Ba7 32. Ra2 (32. b4 $142 Ne2 33. Qg2) 32... Ne2 {[%emt 0:00:00] Weighted Error Value: White=0.68/Black=0.30} 0-1

[Event "Charlotte Summer IM B 2022"]
[Site "Charlotte"]
[Date "2022.07.26"]
[Round "3.5"]
[White "Ringoir, Tanguy"]
[Black "Avila Rodriguez, Joshua Ad"]
[Result "1-0"]
[ECO "E04"]
[WhiteElo "2490"]
[BlackElo "2210"]
[Annotator "TA"]
[PlyCount "83"]
[EventDate "2022.07.24"]
[EventType "tourn"]
[EventCountry "USA"]
[SourceTitle "playchess.com"]
[Source "ChessBase"]
[SourceQuality "1"]
[TimeControl "5400+30"]

1. d4 Nf6 2. c4 e6 3. Nf3 d5 4. g3 dxc4 5. Bg2 c5 6. O-O Nc6 7. Qa4 Bd7 8. Qxc4 b5 9. Qc3 {[%emt 0:00:07] E04: Open Catalan: 5 Nf3.} b4 10. Qd3 Rc8 11. Bf4 {[%emt 0:01:30] The position is equal.} Nd5 12. dxc5 Bxc5 13. Nbd2 Be7 {[%emt 0:00:00] [#]} 14. Ne4 $146 (14. Nb3 {is more complex.} O-O 15. Rac1 Na5 16. Rxc8 Bxc8 17. Be5) ({Predecessor:} 14. Nc4 Nxf4 15. gxf4 O-O 16. Rfd1 Rc7 17. Rac1 Qb8 18. Nd6 Rd8 19. Qc2 b3 20. axb3 {½-½ (40) Jakovenko,D (2710)-Lu,S (2614) Moscow 2016}) 14... O-O 15. Bd6 h6 (15... f5 $15 {is superior.} 16. Bxe7 fxe4 17. Bxd8 exd3) 16. Bxe7 Qxe7 17. Rac1 Rfd8 18. Qa6 Nc7 19. Qb7 Nd5 20. Qa6 Nc7 21. Qc4 Nd5 22. Qc5 Be8 23. Qxe7 Ndxe7 24. e3 Rd5 25. Rc2 Rcd8 26. Ned2 f6 27. Nb3 Rd1 28. Nfd2 Rxf1+ 29. Bxf1 e5 30. Bb5 Kf8 31. f3 Nd4 32. exd4 Bxb5 33. dxe5 fxe5 34. Kf2 Rc8 35. Nc5 Nc6 (35... Kg8 $11) 36. Nd7+ $16 Ke7 37. Nxe5 Kd6 38. f4 Ne7 39. Ndc4+ {[%emt 0:01:32] Pair of Knights!} Kd5 40. Rd2+ Ke6 $2 (40... Kc5 $18) 41. Rd6+ Kf5 {[%emt 0:00:05] [#]} 42. Kf3 $1 {[%emt 0:00:02] Weighted Error Value: White=0.03 (flawless) /Black=0.38} 1-0

[Event "Charlotte Summer IM B 2022"]
[Site "Charlotte"]
[Date "2022.07.26"]
[Round "4.1"]
[White "Zaloznyy, Mike"]
[Black "Avila Rodriguez, Joshua Ad"]
[Result "1-0"]
[ECO "A35"]
[WhiteElo "2171"]
[BlackElo "2210"]
[Annotator "TA"]
[PlyCount "99"]
[EventDate "2022.07.24"]
[EventType "tourn"]
[EventCountry "USA"]
[SourceTitle "playchess.com"]
[Source "ChessBase"]
[SourceQuality "1"]
[TimeControl "5400+30"]

1. c4 c5 2. Nf3 Nc6 3. Nc3 g6 4. e3 Nf6 5. d4 cxd4 6. exd4 d5 7. cxd5 Nxd5 8. Qb3 Nxc3 9. Bc4 Nd5 10. Bxd5 e6 11. Bxc6+ bxc6 12. O-O Qd5 {[%emt 0:00:36] A35: Symmetrical English: 2 Nc3 Nc6 3 Nf3.} 13. Qe3 $1 {[%emt 0:00:10][%mdl 4] is currently scoring better than 13.Be3.} Bg7 14. Bd2 O-O {[%emt 0:11:03] White is slightly better.} 15. Rfc1 Rd8 16. Rc5 Qd6 {[%emt 0:05:18][%cal Rg7d4] [#]} 17. Ba5 $1 {[%emt 0:03:14] [#]} Re8 $146 ({Predecessor:} 17... Rd7 18. Bc3 Bb7 19. Ne5 Bxe5 20. Rxe5 Qe7 21. Re1 Rd5 22. Rxd5 cxd5 23. Qd2 Ba6 {1-0 (34) Wang,H (2710)-Zuo,Y (2367) Hangzhou 2018}) 18. Ne5 Bb7 19. Rac1 Rac8 20. Qf4 {[%emt 0:07:09] 0x0.001e39e22443dp-1022s more active pieces.} f6 {[%emt 0:04:10] [#]} 21. Nxg6 Qxf4 (21... Bf8 22. Qxf6) 22. Nxf4 Bh6 23. Nh5 (23. g3 $16) 23... Kf7 (23... Bxc1 $11 {keeps the balance.} 24. Nxf6+ Kf7 25. Nxe8 Bf4) 24. R1c3 f5 (24... Bf8 $14) 25. Re5 Rg8 26. Rh3 ({White should try} 26. f3 $16) 26... c5 $14 27. Ng3 Rg6 (27... Bg7 $14) 28. dxc5 Bg7 29. Rxh7 {[%emt 0:01:13] And now Nh5 would win.} Kg8 {[%emt 0:00:10][%csl LRe5,LRh7] [#]} 30. Rxg7+ Kxg7 31. Nh5+ Kf7 32. Nf4 Rg4 33. g3 Rxf4 34. gxf4 {[%emt 0:00:04][%mdl 4096] Endgame KRB-KRB} Bd5 35. b4 Bxa2 (35... Rg8+ $16 {might work better.} 36. Kf1 Bc6) 36. Re3 $18 Bd5 37. Rh3 Kg6 {[%emt 0:00:14] Inhibits Rh7.} (37... Rg8+ $16 38. Rg3 Rc8) 38. Kf1 Bc6 39. Ke2 {[%emt 0:00:16] Black must now prevent Kd3.} Kg7 $2 (39... Re8 {keeps fighting.} 40. Bc7 Re7) 40. Ke3 a6 41. Kd4 Bd5 42. Ke5 Rc6 43. Rg3+ Kf7 (43... Kh8 $142 44. Bb6 Bc4) 44. h4 Rc8 45. h5 Rh8 46. Rg5 Bf3 47. Kd6 Bxh5 {[%emt 0:00:48] [#]} 48. Rxh5 $1 Rxh5 49. c6 {[%emt 0:00:01][%cal Bc5c6,Bc6c7][%mdl 32] White threatens c7 and mate.} Rh1 50. c7 {[%emt 0:00:11] Weighted Error Value: White=0.10 (very precise) /Black=0.28 (precise)} 1-0

[Event "Charlotte Summer IM B 2022"]
[Site "Charlotte"]
[Date "2022.07.26"]
[Round "4.2"]
[White "Wang, Tianqi"]
[Black "Ringoir, Tanguy"]
[Result "1/2-1/2"]
[ECO "D85"]
[WhiteElo "2402"]
[BlackElo "2490"]
[Annotator "TA"]
[PlyCount "34"]
[EventDate "2022.07.24"]
[EventType "tourn"]
[EventCountry "USA"]
[SourceTitle "playchess.com"]
[Source "ChessBase"]
[SourceQuality "1"]
[TimeControl "5400+30"]

1. d4 Nf6 2. c4 g6 3. Nc3 d5 4. cxd5 Nxd5 5. Bd2 c5 6. e4 {[%emt 0:00:19] D85: Exchange Grünfeld: Unusual White 7th moves and lines with 7 Nf3.} Nxc3 7. Bxc3 cxd4 8. Bxd4 e5 9. Bxe5 Bb4+ 10. Bc3 Bxc3+ 11. bxc3 {[%emt 0:00:07] The position is equal.} Qa5 12. Ne2 Be6 {[%emt 0:00:00] [#]} 13. Qd4 $146 ({Predecessor:} 13. Qd2 O-O 14. Nd4 Rd8 15. Be2 Nc6 16. Nxc6 bxc6 17. Qe3 Qb6 18. Qxb6 axb6 19. a3 {½-½ (32) Goryachkina,A (2593)-Chigaev,M (2631) Sochi 2021}) 13... O-O 14. Nf4 Nc6 15. Qe3 Nd8 16. Be2 Rc8 17. O-O Rxc3 {[%emt 0:00:00] An interesting draw.  Weighted Error Value: White=0.06 (flawless) /Black=0.04 (flawless)} 1/2-1/2

[Event "Charlotte Summer IM B 2022"]
[Site "Charlotte"]
[Date "2022.07.26"]
[Round "4.3"]
[White "Eckert, Doug"]
[Black "Adu, Oladapo"]
[Result "1/2-1/2"]
[ECO "D30"]
[WhiteElo "2177"]
[BlackElo "2056"]
[Annotator "TA"]
[PlyCount "81"]
[EventDate "2022.07.24"]
[EventType "tourn"]
[EventCountry "USA"]
[SourceTitle "playchess.com"]
[Source "ChessBase"]
[SourceQuality "1"]
[TimeControl "5400+30"]

1. d4 d5 2. c4 e6 3. Nf3 a6 4. g3 dxc4 5. Bg2 Nc6 6. O-O {[%emt 0:00:00] D30: Queen's Gambit Declined: Systems without Nc3.} Rb8 7. e3 b5 8. b3 {[%emt 0:00:00] The position is equal.} cxb3 $1 9. axb3 Nf6 10. Bb2 {[%emt 0:00:00][%mdl 1024] White has compensation.} Bb7 11. Qe2 Be7 12. Rc1 O-O 13. Nbd2 {[%emt 0:00:00][%cal Bb1d2,Bd2f3,Bf3e5][%mdl 32] [#]} Qd7 $146 ({Predecessor:} 13... Nb4 14. Ne5 Bxg2 15. Kxg2 Rb6 16. Kg1 Nd7 17. Ne4 f6 18. Nf3 e5 19. dxe5 fxe5 {0-1 (60) Erigaisi,A (2563)-Adhiban,B (2654) Moscow 2020}) 14. Ne1 Nb4 15. Bxb7 Rxb7 16. e4 (16. Ba3 $11) 16... Qc8 (16... Ra8 $15) 17. Ndf3 Qa8 18. Ne5 c5 $1 19. dxc5 Rc7 $1 20. c6 (20. N1d3 $15 Nxd3 21. Nxd3) 20... Rfc8 (20... Nxc6 $17 21. Ng4 Nd7) 21. Ba3 $11 Bf8 ({Better is} 21... Bd6 $11 22. Nxf7 Kxf7) 22. Bxb4 $14 Bxb4 23. N1f3 Qa7 (23... Bd6 $14) 24. Kg2 (24. Nd3 Bf8 $14) 24... Rb8 (24... h6 $14) 25. Rd1 (25. h4 $1 $16) 25... Bc3 26. Rac1 b4 27. Qc4 $36 {[%emt 0:03:06][%mdl 2048] Black is under pressure.} h6 (27... h5 $14) 28. Rd3 {[%emt 0:02:19] White is more active.} Rb5 29. Rcxc3 ({Reject} 29. Rd8+ Kh7 30. Nd3 Qb6 $15) (29. Nd7 $1 $16) 29... bxc3 $11 30. Rxc3 Qb6 31. Qd3 {[%emt 0:00:27] Nd7 is the strong threat.} Qa5 (31... Qb8 $11 {is more appropriate.}) 32. Nc4 Qa1 $2 {[%emt 0:01:11] [#]} (32... Qb4 $1 $11) 33. Qd8+ $2 (33. Qd2 $1 $18 {Black must now prevent Rc1.} Nxe4 34. Qd8+ Kh7 35. Re3 (35. Qxc7 Qxc3 36. Qf4 f5 $17) 35... Rxc6 36. Rxe4) 33... Kh7 34. Qxc7 {[%emt 0:00:43] Dancing on a razor blade.} Qxc3 35. Qxf7 Rxb3 $2 (35... Rc5 $14) 36. Nfe5 $18 {[%emt 0:00:49] Pair of Knights!} Rb5 37. Qxe6 {[%emt 0:01:07] Strongly threatening c7.} (37. c7 Rc5 $11) 37... Rc5 {[%emt 0:00:28] [#]} 38. Qf5+ $1 Kg8 39. Qe6+ $2 (39. Qc8+ $18 Kh7 40. c7 (40. Qf5+ Kg8 $11) 40... Rxc7 41. Qxc7) 39... Kh7 $1 $11 40. Qf5+ $2 (40. f3 $11 Qe1 41. Qf5+ (41. Qf7 Qd1 $11) 41... Kg8 42. Qe6+ Kh7 43. Qf7) 40... Kg8 $18 41. Qe6+ $2 {[%emt 0:01:55] Weighted Error Value: White=0.33/Black=0.40} ({Only move:} 41. Qc8+ $18 Kh7 42. c7 Rxc7 43. Qxc7) 1/2-1/2

[Event "Charlotte Summer IM B 2022"]
[Site "Charlotte"]
[Date "2022.07.26"]
[Round "4.4"]
[White "Homa, Seth"]
[Black "Atanasov, Anthony"]
[Result "0-1"]
[ECO "A22"]
[WhiteElo "2237"]
[BlackElo "2172"]
[Annotator "TA"]
[PlyCount "70"]
[EventDate "2022.07.24"]
[EventType "tourn"]
[EventCountry "USA"]
[SourceTitle "playchess.com"]
[Source "ChessBase"]
[SourceQuality "1"]
[TimeControl "5400+30"]

1. c4 Nf6 2. Nc3 d5 3. cxd5 Nxd5 4. g3 e5 5. Bg2 Nb6 6. e3 Nc6 {[%emt 0:01:27][%cal Bb8c6,Bc6b4,Bb4d5,Bd5f6][%mdl 32] A22: English Opening: 1...e5 2 Nc3 Nf6.} 7. Nge2 Be7 {[%emt 0:00:43] 7...h5 is more advanced technology.} 8. O-O O-O {[%emt 0:00:26] The position is equal.} 9. f4 Bd6 10. f5 {[%emt 0:00:56] [#]} Be7 $146 ({Predecessor:} 10... f6 11. Be4 Bd7 12. g4 Rb8 13. Ng3 Qe8 14. b3 Ne7 15. Bb2 Bc6 16. Rc1 Nd7 {½-½ (52) Mandetta,J (2357)-Gauche,C (2251) Florianopolis 2018}) 11. g4 Nb4 12. Ne4 N4d5 13. b3 Nf6 14. N2c3 c6 15. Bb2 Nbd5 16. Nxd5 cxd5 17. Ng3 Qd6 18. g5 Ne8 19. Qh5 f6 20. h4 Bd7 21. Qg4 (21. a4 $14 {should be considered.} e4 22. g6) 21... Bc6 (21... fxg5 $11 22. hxg5 g6) 22. Nh5 $14 Kh8 23. d4 ({White should play} 23. Rf2 $16) 23... e4 $11 24. Bh3 (24. g6 {keeps more tension.} h6 25. Bc3 Nc7 26. Rf2) 24... Bd7 {[%emt 0:01:01] Threatens to win with ...g6.} 25. Qg2 Rc8 26. Kh1 (26. g6 $1 $11) 26... fxg5 $15 27. hxg5 {[%emt 0:00:10] [#]} Bxg5 28. Qxg5 {[%emt 0:11:20] Strongly threatening Rf2.} Rc2 {[%emt 0:00:08][%csl Gc2][%cal Rd6h2] Prevents Rf2.} 29. Rf4 $1 Rxb2 30. Rg1 $1 Rf7 $36 {[%emt 0:04:45][%mdl 2048] Black has the initiative.} (30... g6 $2 {[#]} 31. fxg6 $1 Rxf4 32. exf4 $18) 31. f6 $1 Bxh3 {[%emt 0:03:03] The board is on fire.} 32. fxg7+ {[%emt 0:00:11][%mdl 8192] This costs White the game.} (32. Nxg7 $15 Qf8 33. Nh5) 32... Kg8 $19 {[%emt 0:00:56] Black is clearly winning.} ({Avoid the trap} 32... Nxg7 $2 33. a4 $19) 33. Rg3 {[%emt 0:05:46] Rxf7 is the strong threat.} Be6 34. Qh6 {[%emt 0:06:46][%cal Oh6h7] White wants to mate with Qxh7+!} Rxf4 35. exf4 Qe7 {[%emt 0:02:04] Weighted Error Value: White=0.44/Black=0.09 (flawless)} (35... Bf7 {gets mated.} 36. Qxd6 Rb1+ 37. Kg2 Rb2+ 38. Kh3) 0-1

[Event "Charlotte Summer IM B 2022"]
[Site "Charlotte"]
[Date "2022.07.26"]
[Round "4.5"]
[White "Mishra, Prateek"]
[Black "Kolay, Alex"]
[Result "0-1"]
[ECO "C18"]
[WhiteElo "2204"]
[BlackElo "2188"]
[Annotator "TA"]
[PlyCount "60"]
[EventDate "2022.07.24"]
[EventType "tourn"]
[EventCountry "USA"]
[SourceTitle "playchess.com"]
[Source "ChessBase"]
[SourceQuality "1"]
[TimeControl "5400+30"]

1. e4 e6 2. d4 d5 3. Nc3 Bb4 4. e5 c5 5. a3 Bxc3+ 6. bxc3 Ne7 7. Qg4 Qc7 8. Qxg7 Rg8 9. Qxh7 cxd4 10. Qd3 {[%emt 0:00:00] C18: French: 3 Nc3 Bb4: Main line: 7 h4 and 7 Qg4.} (10. Ne2 $5 ) 10... Qxe5+ 11. Ne2 $1 ({Don't play} 11. Qe2 Qc7 12. Qd3 Qxc3+ 13. Qxc3 dxc3 $15) 11... dxc3 12. Qxc3 {[%emt 0:00:00] The position is equal. 12.Qxc3 scores better than 12.Bf4.} (12. h4 {with more complications.} Nbc6 13. Qxc3 d4 14. Qd3) 12... Qxc3+ 13. Nxc3 e5 14. Rb1 {[%emt 0:00:00] [#]} b6 $146 ({Predecessor:} 14... Nbc6 15. h4 Bf5 16. Rxb7 d4 17. Na2 Bxc2 18. Nb4 d3 19. Nxc2 dxc2 20. Rb2 Nd4 {1-0 (41) Heimann,A (2609)-Studer,N (2479) Switzerland 2019}) 15. Bb5+ Nd7 16. h4 Bb7 $1 17. Bg5 (17. Bf1 $15) 17... d4 $17 18. Ne2 Bxg2 19. Rh2 Bc6 20. Bc4 (20. Bxe7 $17 Bxb5 21. Rxb5 Kxe7 22. h5) 20... Bd5 21. Bb5 Rc8 22. Ng3 $2 {[%emt 0:00:00] [#] Now White is beyond hope.} (22. f4 $17) 22... Rxc2 $19 {[%emt 0:02:03][%cal Of7f6] Strongly threatening ...f6!} 23. Nh5 (23. Ra1 $142) 23... Bc6 24. Bd3 Rc3 25. Kd2 e4 {[%emt 0:00:24] Black is clearly winning.} 26. Bf1 Rxa3 {[%emt 0:00:33] Hoping for ...Ra2+.} 27. Rc1 Ra2+ 28. Ke1 (28. Rc2 $142 Rxc2+ 29. Kxc2) 28... d3 {[%emt 0:00:08][%cal Og8g5] ...Rxg5! is the strong threat.} 29. Rb1 {[%emt 0:00:00] [#]} Rxg5 $1 30. hxg5 Ba4 {[%emt 0:00:06] Weighted Error Value: White=0.92/Black=0.12 (very precise)} 0-1

[Event "Charlotte Summer IM B 2022"]
[Site "Charlotte"]
[Date "2022.07.27"]
[Round "5.1"]
[White "Kolay, Alex"]
[Black "Zaloznyy, Mike"]
[Result "1/2-1/2"]
[ECO "E12"]
[WhiteElo "2188"]
[BlackElo "2171"]
[Annotator "TA"]
[PlyCount "33"]
[EventDate "2022.07.24"]
[EventType "tourn"]
[EventCountry "USA"]
[SourceTitle "playchess.com"]
[Source "ChessBase"]
[SourceQuality "1"]
[TimeControl "5400+30"]

1. d4 Nf6 2. c4 b6 3. Nc3 Bb7 4. a3 e6 5. Nf3 d5 6. cxd5 Nxd5 7. Qc2 Nxc3 8. bxc3 Be7 9. e4 O-O 10. Bd3 c5 11. O-O Qc7 12. Qe2 Rd8 13. Bb2 $1 {[%emt 0:00:51] 13.Bb2 scores better than 13.Re1.} Nd7 14. Rad1 {[%emt 0:03:54][%cal Od4d5] E12: Queen's Indian: Unusual White 4th moves, 4 a3, 4 Nc3 Bb7 5 a3 and 4 Nc3 Bb7 .} c4 15. Bc2 b5 {[%emt 0:05:12] [#]} 16. e5 $146 (16. Rb1 $11) ({Predecessor:} 16. Rb1 a6 17. Qe3 e5 18. Rfe1 Rab8 19. h3 Re8 20. a4 exd4 21. Nxd4 bxa4 22. Bxa4 Bc5 23. f3 Bc8 24. Kh1 Rd8 25. e5 Nb6 26. Bc2 Nd5 27. Qe2 Rxb2 {½-½ (27) Arounopoulos,S (2304)-Kolomytchenko,I (2287) ICCF email 2014}) 16... a5 17. Nd2 {[%emt 0:10:56] Black took control after the opening.  Weighted Error Value: White=0.34/Black=0.09 (flawless)} 1/2-1/2